AoeStats
← Fatamon6

Black Forest

506136361Analyzed
4v4 RM · 20d ago on Sep 12, 2026· 56m 43s· 8 players
Game mode
Random Map
Map size
Large (8 player)
Population
200
Speed
Normal
Resources
Standard
Victory
Conquest
Starting age
Dark Age
Ending age
Imperial Age
RankedLock teamsTeams togetherTeam positionsShared explorationLock speedFull tech treeHidden civsTurbo modeCheats
Victory
Defeat
🇨🇳 Bohemians · China
930
+15
🇨🇳 Spanish · China
927
+16
🇨🇳 Poles · China
925
+16
🇨🇳 Portuguese · China
867
+17
🇳🇴 Chinese · Norway
942
-17
🇦🇹 Hindustanis · Austria
932
-17
🇧🇷 Celts · Brazil
920
-16
🇦🇷 Britons · Argentina
867
-14
Brainface
0:35 Loom
14:10 Feudal Age
15:33 Double-Bit Axe
21:24 Castle Age
20:31 Gold Mining
20:53 Stone Mining
24:05 Gold Shaft Mining
25:57 Town Watch
26:48 Wheelbarrow
27:01 Fortified Wall
28:02 Elite Skirmisher
29:25 Town Patrol
29:53 Hand Cart
31:04 Thumb Ring
33:51 Imperial Age
32:27 Ballistics
32:28 Great Wall
32:53 Fletching
32:58 Horse Collar
33:25 Caravan
33:25 Crossbowman
34:14 Arbalester
36:41 Bodkin Arrow
36:47 Padded Archer Armor
37:59 Chemistry
36:52 Guard Tower
37:33 Bracer
39:29 Heavy Scorpion
40:55 Heavy Plow
40:38 Elite Chu Ko Nu
42:59 Leather Archer Armor
44:25 Rocketry
46:58 Ring Archer Armor
AGOFEM
4:09 Loom
12:17 Feudal Age
17:10 Castle Age
16:28 Horse Collar
16:45 Double-Bit Axe
18:01 Wheelbarrow
19:26 Caravan
26:37 Bow Saw
26:32 Heavy Plow
26:25 Gold Mining
26:25 Stone Mining
29:33 Gold Shaft Mining
29:17 Hand Cart
28:48 Town Watch
30:07 Ballistics
30:04 Fletching
30:14 Padded Archer Armor
32:49 Imperial Age
32:41 Coinage
33:14 Bodkin Arrow
33:36 Leather Archer Armor
34:31 Chemistry
33:57 Siege Engineers
34:15 Furor Celtica
33:47 Heavy Scorpion
34:15 Capped Ram
36:48 Siege Ram
42:01 Scale Barding Armor
42:27 Ring Archer Armor
42:07 Forging
42:13 Husbandry
41:35 Light Cavalry
41:37 Cavalier
43:15 Hussar
46:13 Chain Barding Armor
NoFanMePlz
8:45 Loom
11:19 Feudal Age
11:47 Double-Bit Axe
11:43 Horse Collar
12:45 Wheelbarrow
12:22 Gold Mining
12:31 Stone Mining
19:00 Castle Age
20:11 Bow Saw
20:53 Caravan
23:05 Heavy Plow
25:34 Ballistics
25:09 Fletching
25:20 Padded Archer Armor
26:59 Yeomen
27:26 Bodkin Arrow
28:22 Hand Cart
28:45 Leather Archer Armor
30:15 Gold Shaft Mining
30:12 Murder Holes
34:32 Imperial Age
36:10 Elite Longbowman
Fatamon6
10:51 Feudal Age
9:09 Loom
15:21 Castle Age
14:18 Horse Collar
14:26 Double-Bit Axe
16:55 Wheelbarrow
18:29 Bow Saw
18:25 Heavy Plow
21:38 Gold Mining
22:30 Hand Cart
25:41 Gold Shaft Mining
24:55 Town Watch
25:22 Husbandry
25:33 Bloodlines
25:38 Forging
25:34 Scale Barding Armor
25:20 Fletching
26:34 Stone Mining
27:23 Iron Casting
28:18 Town Patrol
28:43 Chain Barding Armor
32:03 Imperial Age
32:11 Imperial Age
33:00 Stone Shaft Mining
32:30 Heavy Camel Rider
34:14 Two-Man Saw
34:18 Blast Furnace
33:54 Plate Barding Armor
33:20 Padded Archer Armor
33:46 Ballistics
34:27 Chemistry
34:32 Imperial Camel Rider
36:52 Pikeman
37:32 Squires
48:12 Scale Mail Armor
48:08 Bodkin Arrow
50:33 Siege Elephant
55:59 Conscription
55:40 Grand Trunk Road
55:05 Elite Ghulam
57:27 Hoardings
最好的坤坤
2:11 Loom
11:34 Feudal Age
16:52 Castle Age
15:26 Double-Bit Axe
15:23 Horse Collar
17:59 Heavy Plow
29:09 Wheelbarrow
28:51 Bow Saw
32:27 Imperial Age
30:19 Hand Cart
32:11 Gold Mining
32:13 Stone Mining
33:54 Conscription
32:55 Elite Conquistador
34:32 Padded Archer Armor
34:23 Fletching
36:28 Leather Archer Armor
36:09 Bodkin Arrow
37:36 Ballistics
38:16 Chemistry
38:51 Heavy Cavalry Archer
39:36 Thumb Ring
39:37 Husbandry
39:48 Bloodlines
40:15 Bracer
40:46 Ring Archer Armor
40:26 Forging
40:22 Scale Barding Armor
41:46 Masonry
42:47 Caravan
50:11 Iron Casting
49:57 Chain Barding Armor
52:57 Two-Man Saw
林
10:30 Feudal Age
14:24 Castle Age
12:32 Double-Bit Axe
24:59 Wheelbarrow
26:54 Hand Cart
26:43 Horse Collar
30:27 Imperial Age
28:42 Loom
29:07 Szlachta Privileges
29:12 Scale Barding Armor
29:18 Forging
29:18 Heavy Plow
30:38 Bloodlines
30:28 Husbandry
30:26 Gold Mining
30:26 Stone Mining
30:59 Chain Barding Armor
30:28 Cavalier
31:36 Conscription
32:06 Iron Casting
33:23 Crop Rotation
33:07 Bow Saw
35:15 Blast Furnace
39:35 Town Watch
39:54 Scale Mail Armor
39:55 Padded Archer Armor
39:45 Fletching
43:11 Coinage
42:41 Caravan
47:51 Light Cavalry
52:07 Stone Shaft Mining
猫娘
1:06 Loom
12:21 Feudal Age
13:19 Horse Collar
13:30 Double-Bit Axe
16:54 Castle Age
18:14 Wheelbarrow
20:49 Horse Collar
26:43 Gold Mining
26:43 Stone Mining
27:12 Heavy Plow
27:26 Gold Mining
29:48 Treadmill Crane
30:31 Ballistics
30:08 Murder Holes
30:24 Masonry
34:50 Imperial Age
32:55 Guard Tower
35:13 Wheelbarrow
38:15 Chemistry
37:47 Architecture
37:47 Conscription
37:30 Arquebus
41:50 Pikeman
42:33 Halberdier
47:35 Bow Saw
47:52 Bombard Tower
47:38 Siege Engineers
50:00 Two-Man Saw
51:15 Padded Archer Armor
51:28 Forging
51:18 Scale Mail Armor
52:52 Iron Casting
56:29 Guilds
Ehco
1:43 Loom
11:39 Feudal Age
16:12 Castle Age
14:52 Double-Bit Axe
15:57 Wheelbarrow
25:54 Horse Collar
26:27 Bow Saw
30:50 Imperial Age
29:47 Hand Cart
31:10 Fortified Wall
30:55 Murder Holes
32:05 Chemistry
32:35 Two-Man Saw
31:21 Onager
32:16 Caravan
32:28 Caravan
32:54 Siege Engineers
32:45 Murder Holes
34:12 Houfnice
35:17 Pikeman
35:58 Squires
35:59 Scale Mail Armor
36:10 Forging
37:16 Conscription
38:14 Wagenburg Tactics
38:52 Treadmill Crane
40:22 Masonry
43:31 Chain Mail Armor
43:52 Iron Casting
43:18 Padded Archer Armor
43:09 Fletching
43:28 Scale Barding Armor
44:50 Town Watch
45:20 Elite Hussite Wagon
48:59 Halberdier
50:50 Blast Furnace
50:21 Plate Mail Armor
49:46 Bodkin Arrow
50:06 Leather Archer Armor
Connection lost

Rejoining the realm…

Still unreachable

The connection could not be restored.

Session expired

The server has moved on; the page needs a fresh start.